 Dungeon Crawl Stone Soup version 0.30-a0-702-gdf48620a09 (webtiles) character file.

Game seed: 16909242398261262576

1264 purpskrrrp the Covert (level 8, 0/44 HPs)
             Began as a Vampire Brigand on Jan 22, 2023.
             Slain by a gnoll
             ... wielding a +0 halberd
             ... led by a gnoll bouda
              (7 damage)
             ... on level 5 of the Dungeon.
             The game lasted 00:08:59 (4730 turns).

purpskrrrp the Covert (Vampire Brigand)             Turns: 4730, Time: 00:08:59

Health: 0/44       AC:  7    Str: 10    XL:     8   Next: 27%
Magic:  0/8        EV: 14    Int: 20    God:
Gold:   335        SH:  0    Dex: 17    Spells: 2/7 levels left

rFire   . . .      SeeInvis +    a - +5 dagger (vamp)
rCold   + + +      Faith    .    (no shield)
rNeg    + + +      Spirit   +    e - +1 robe "Gashrag" {rPois Slay+5}
rPois   ∞          Reflect  .    (no helmet)
rElec   .          Harm     .    c - +0 cloak
rCorr   .          Rampage  .    (no gloves)
Will    .....                    f - +2 pair of boots
Stlth   +++++++                  j - amulet of guardian spirit
HPRegen 0.00/turn                v - +6 ring of intelligence
MPRegen 0.11/turn                u - ring of protection from cold

@: bloodless, inhibited regen
A: bloodless, fangs 3, see invisible, vampiric 2
a: Bat Form, Revivify


You were on level 5 of the Dungeon.
You visited 1 branch of the dungeon, and saw 5 of its levels.

You collected 335 gold pieces.

Inventory:

Hand Weapons
 a - a +5 vampiric dagger (weapon)
Missiles
 d - 12 poisoned darts
Armour
 b - a +0 robe
 c - a +0 cloak (worn)
 e - the +1 robe "Gashrag" (worn) {rPois Slay+5}
   (You found it on level 4 of the Dungeon)

   Slay:      It affects your accuracy & damage with ranged weapons and melee
   (+5).
   rPois:     It protects you from poison.
 f - a +2 pair of boots (worn)
 x - a +2 robe of willpower
Jewellery
 j - an amulet of guardian spirit (around neck)
 u - a ring of protection from cold (right hand)
 v - a +6 ring of intelligence (left hand)
Wands
 q - a wand of acid (6)
 s - a wand of digging (4)
Scrolls
 h - 2 scrolls of noise
 i - a scroll of teleportation
 w - a scroll of identify
Potions
 g - 4 potions of brilliance
 k - a potion of might
 l - 2 potions of cancellation
 m - a potion of degeneration
 n - a potion of attraction
 r - a potion of ambrosia {unknown}
 t - a potion of magic
 z - 2 potions of berserk rage {unknown}


   Skills:
 - Level 1.7 Fighting
 * Level 7.3 Short Blades
 - Level 1.5 Throwing
 + Level 4.8 Dodging
 * Level 11.3 Stealth


You had 2 spell levels left.
You knew the following spells:

 Your Spells              Type           Power      Damage    Failure   Level
a - Fireball              Conj/Fire      0%         3d3       99%         5

Your spell library contained the following spells:

 Spells                   Type           Power      Damage    Failure   Level
 Foxfire                  Conj/Fire      0%         2x1d4     19%         1
 Kiss of Death            Conj/Necr      0%         2d5       19%         1
 Sublimation of Blood     Necr           0%         N/A       28%         2
 Wereblood                Tmut           0%         N/A       28%         2
 Confusing Touch          Hex            0%         N/A       50%         3
 Dispel Undead            Necr           0%         3d6       88%         4
 Starburst                Conj/Fire      0%         6d3       100%        6
 Summon Hydra             Summ           0%         N/A       100%        7


Dungeon Overview and Level Annotations

Branches:
Dungeon (5/15)
 Temple: D:4-7

Altars:


Innate Abilities, Weirdness & Mutations

You do not regenerate when monsters are visible.
You are frail without blood (-20% HP).
You can heal yourself when you bite living creatures.
You are immune to poison.
You have razor-sharp teeth.
You have supernaturally acute eyesight. (SInv)
You are afflicted with vampirism and can become a bat while bloodless.


Message History

The gnoll completely misses you.
You closely miss the killer bee.
The killer bee is heavily wounded.
The killer bee stings you.
The killer bee stings you but does no damage.
You are too injured to fight recklessly!
You are too injured to fight recklessly!
You are too injured to fight recklessly!
You are too injured to fight recklessly!
You are too injured to fight recklessly!
You are too injured to fight recklessly!
You are too injured to fight recklessly!
You are too injured to fight recklessly!
You are too injured to fight recklessly!
You are too injured to fight recklessly!
You are too injured to fight recklessly!
You are too injured to fight recklessly!
You are too injured to fight recklessly!
The killer bee attacks as you move away!
The killer bee misses you.
The killer bee attacks as you move away!
The killer bee stings you but does no damage. x2
The killer bee stings you.
The gnoll hits you from afar with a +0 halberd!
* * * LOW HITPOINT WARNING * * *
You feel much better. The killer bee stings you. x3
The killer bee stings you but does no damage.
The gnoll hits you from afar with a +0 halberd!
* * * LOW HITPOINT WARNING * * *
The killer bee attacks as you move away!
The killer bee stings you!
* * * LOW HITPOINT WARNING * * *
The killer bee stings you.
* * * LOW HITPOINT WARNING * * *
The killer bee barely misses you.
You feel better. The killer bee closely misses you. The killer bee stings you.
* * * LOW HITPOINT WARNING * * *
The killer bee stings you but does no damage. x2
The gnoll hits you from afar with a +0 halberd!
You die...

#.....# #.#.##...........## #
#.....#######...######...#####
# #...............# #...# #
#......##.##.##.# #.#.# ##
#.####.##....##.# #...# #.
...###.##.#####.# ##.## #.
....##.##.......#######. #)
.......##.######........ #.
....##.##.######@#######. #.
..........##...gyy....... #.
...###.#####.##gg.#####.. #.
.......# ....>.†.g# ##
######## .#......... #
#.......#.# #...........
#.$.......... #.......#.....


You could see a gnoll bouda, 2 killer bees and 3 gnolls.

Vanquished Creatures
  Grinder (D:3)
  Sigmund (D:3)
  Menkaure (D:5)
  2 ogres
  2 scorpions (D:5)
  A killer bee (D:5)
  3 orc priests (D:4)
  3 iguanas
  3 orc wizards (D:4)
  4 gnolls (D:5)
  9 adders
  2 dart slugs
  13 orcs
  7 bats
  9 endoplasms
  4 giant cockroaches
  6 hobgoblins
  4 jackals
  2 quokkas
  6 ball pythons
  7 frilled lizards
  10 goblins
  7 kobolds
  4 rats
111 creatures vanquished.

Vanquished Creatures (others)
  A plant (D:3)
1 creature vanquished.

Grand Total: 112 creatures vanquished

Notes
Turn   | Place    | Note
-------+----------+-------------------------------------------
     0 | D:1      | purpskrrrp the Vampire Brigand began the quest for the Orb.
     0 | D:1      | Reached XP level 1. HP: 16/16 MP: 1/1
    78 | D:1      | Reached skill level 6 in Stealth
   263 | D:1      | Reached XP level 2. HP: 17/17 MP: 2/2
   938 | D:2      | Gained mutation: You are afflicted with vampirism and can
                  | become a bat while bloodless. [Vampire growth]
   938 | D:2      | Reached XP level 3. HP: 21/21 MP: 3/3
  1171 | D:2      | Reached skill level 7 in Stealth
  1171 | D:2      | Reached XP level 4. HP: 26/26 MP: 4/4
  1944 | D:3      | Noticed Sigmund
  1949 | D:3      | Killed Sigmund
  1950 | D:3      | Reached skill level 8 in Stealth
  1950 | D:3      | Reached XP level 5. HP: 30/30 MP: 5/5
  1950 | D:3      | Reached XP level 6. HP: 35/35 MP: 6/6
  2292 | D:3      | Noticed Grinder
  2323 | D:3      | Killed Grinder
  2324 | D:3      | Reached skill level 5 in Short Blades
  2324 | D:3      | Reached skill level 9 in Stealth
  2653 | D:4      | Reached XP level 7. HP: 26/39 MP: 7/7
  3132 | D:4      | Reached skill level 10 in Stealth
  3330 | D:4      | Identified the +1 robe "Gashrag" {rPois Slay+5}
  3496 | D:4      | Identified the +1 flail "Sivitem" {antimagic, Contam +Blink
                  | Will+ Dex+2}
  4289 | D:4      | Learned a level 5 spell: Fireball
  4299 | D:5      | Entered Level 5 of the Dungeon
  4401 | D:5      | Reached XP level 8. HP: 18/44 MP: 2/8
  4503 | D:5      | Identified the +7 chain mail "Vijotz" {rElec}
  4633 | D:5      | Noticed Menkaure
  4640 | D:5      | Killed Menkaure
  4641 | D:5      | Reached skill level 11 in Stealth
  4729 | D:5      | HP: 1/44 [killer bee (2)]
  4730 | D:5      | Slain by a gnoll

Illustrated notes

Levels and vault maps discovered:
D:1:      minmay_arrival_cross, layout_basic
D:2:      layout_basic
D:3:      layout_basic, zin_treasury, serial_bayou_pond_b,
          hangedman_decor_opposing, uniq_sigmund, uniq_grinder
D:4:      layout_layer_cave, minmay_close_crescents
D:5:      layout_loops_cross, serial_bayou_pond_e, minmay_checkerbox,
          uniq_menkaure

Skill      XL: |  1  2  3  4  5  6  7  8 |
---------------+-------------------------+-----
Stealth        | 6 7 8 9 10 11 | 11.3
Short Blades   | 3 4 5 6 7 |  7.3
Dodging        | 2 3 4 |  4.8
Fighting       | |  1.7
Throwing       | |  1.5

Action                   |  1- 3 |  4- 6 |  7- 9 || total
-------------------------+-------+-------+-------++-------
Melee: Dagger            |    70 |    78 |   135 ||   283
       Bite              |     7 |     8 |    22 ||    37
       Punch             |       |     2 |     1 ||     3
Throw: Dart              |     5 |     5 |     5 ||    15
 Abil: Exsanguinate      |     1 |       |       ||     1
Evoke: Wand              |       |       |     1 ||     1
  Use: Scroll            |     5 |    13 |     2 ||    20
       Potion            |       |     1 |     3 ||     4
 Stab: Sleeping          |    20 |    15 |     6 ||    41
       Distracted        |     1 |     1 |     2 ||     4
Armor: Robe              |    15 |    22 |    23 ||    60
Dodge: Dodged            |    30 |    41 |    75 ||   146

Table legend: (Time is in decaauts)
 A = Elapsed time spent in this place.
 B = Non-inter-level travel time spent in this place.
 C = Inter-level travel time spent in this place.
 D = Time resting spent in this place.
 E = Time spent auto-exploring this place.
 F = Levels seen in this place.
 G = Mean time per level.
                   A        B        C        D        E       F      G
               +--------+--------+--------+--------+--------+-----+--------+
         Total |   4664 |   4468 |    196 |    363 |   3245 |   5 |  932.8 |
       Dungeon |   4664 |   4468 |    196 |    363 |   3245 |   5 |  932.8 |
               +--------+--------+--------+--------+--------+-----+--------+

Top non-repeatable levels by time:
     D:4: 1390 daAuts
     D:3: 1287 daAuts
     D:1: 854 daAuts
     D:2: 715 daAuts
     D:5: 416 daAuts
